 Dungeon Crawl Stone Soup version 0.30-a0-394-g3e4acdb0ae (webtiles) character file.

Game seed: 10688161056497218650

104 Shayle the Trooper (level 4, -4/35 HPs)
             Began as a Demonspawn Reaver on Dec 6, 2022.
             Killed from afar by an orc wizard (12 damage)
             ... with a puff of flame
             ... on level 2 of the Dungeon.
             The game lasted 00:04:53 (1665 turns).

Shayle the Trooper (Demonspawn Reaver)              Turns: 1665, Time: 00:04:54

Health: -4/35      AC:  4    Str: 12    XL:     4   Next: 52%
Magic:  7/7        EV: 11    Int: 16    God:
Gold:   103        SH:  0    Dex: 12    Spells: 6/7 levels left

rFire   . . .      SeeInvis .    a - +0 hand axe
rCold   . . .      Faith    .    (no shield)
rNeg    . . .      Spirit   .    b - +0 leather armour
rPois   .          Reflect  .    (no helmet)
rElec   .          Harm     .    (no cloak)
rCorr   .          Rampage  .    (no gloves)
Will    .....                    (no boots)
Stlth   +.........               (no amulet)
HPRegen 0.25/turn                (no ring)
MPRegen 0.10/turn                (no ring)

@: confused
A: sharp scales 1, demonic touch 1
a: no special abilities


You were on level 2 of the Dungeon.
You visited 1 branch of the dungeon, and saw 3 of its levels.

You collected 103 gold pieces.

Inventory:

Hand Weapons
 a - a +0 hand axe (weapon)
Armour
 b - a +0 leather armour (worn)
Scrolls
 c - a scroll of enchant armour {unknown}
 d - a scroll of butterflies
 g - a scroll of noise {unknown}
 h - 2 scrolls of vulnerability {unknown}
 i - a scroll of teleportation {unknown}
Potions
 f - a potion of lignification {unknown}


   Skills:
 + Level 3.1 Fighting
 - Level 2.6 Axes
 + Level 2.1 Armour
 - Level 1.7 Dodging
 + Level 2.2 Stealth
 - Level 2.0 Spellcasting
 - Level 3.0 Conjurations


You had 6 spell levels left.
You knew the following spells:

 Your Spells              Type           Power      Damage    Failure   Level
a - Kiss of Death         Conj/Necr      24%        2d7       14%         1

Your spell library contained the following spells:

 Spells                   Type           Power      Damage    Failure   Level
 Momentum Strike          Conj/Tloc      12%        3d8       22%         2
 Ensorcelled Hibernation  Hex/Ice        2%         N/A       36%         2
 Passwall                 Tmut/Erth      0%         N/A       36%         2
 Hailstorm                Conj/Ice       6%         3d4       38%         3
 Confusing Touch          Hex            1%         N/A       61%         3
 Gell's Gravitas          Tloc           1%         N/A       61%         3
 Swiftness                Air            1%         N/A       61%         3
 Teleport Other           Tloc           1%         N/A       61%         3
 Dispel Undead            Necr           1%         3d6       95%         4
 Dispersal                Tloc           0%         N/A       100%        6


Dungeon Overview and Level Annotations

Branches:
Dungeon (3/15)

Altars:
Ru


Innate Abilities, Weirdness & Mutations

You are partially covered in razor-sharp scales. (AC +1, Slay +1)
Your touch may inflict minor irresistible damage on your foes.


Message History

You hit the orc but do no damage. The orc hits you but does no damage.
The orc wizard hits you with a +0 dagger.
You hit the orc wizard but do no damage.
You touch the orc wizard!
The orc wizard is heavily wounded.
You closely miss the orc. The orc hits you but does no damage.
The orc wizard hits you with a +0 dagger.
You closely miss the orc wizard.
You touch the orc wizard.
The orc wizard is almost dead.
You hit the orc. The orc barely misses you.
The orc wizard points at you and mumbles some strange words.
You are confused.
Unknown command.
The orc hits you with a +0 dagger. The orc wizard casts a spell at you.
You are more confused.
You climb upwards.
There is a stone staircase leading down here.
Unknown command.
The orc wizard points at you and mumbles some strange words.
You resist with some effort. The orc misses you.
You're too confused to move!
The orc wizard hits you but does no damage.
The orc barely misses you.
You completely miss the orc wizard. Your touch misses the orc wizard.
The orc wizard is almost dead.
You hit the orc but do no damage.
The orc wizard hits you but does no damage.
The orc hits you with a +0 dagger.
The orc wizard hits you but does no damage.
The orc barely misses you.
You're too confused to move!
The orc wizard barely misses you. The orc hits you with a +0 dagger.
* * * LOW HITPOINT WARNING * * *
Unknown command.
The orc wizard attacks as you move away!
The orc wizard barely misses you.
The orc wizard gestures at you while chanting.
The puff of flame hits you!
You die...

#...#.###...#.....# #.#..
#...#.# ###.'....># #.###
(.#.#.# ####'.....# #.###
#.#...# #...<.....# #....
..##### #.........#
####.## ### #..(......#
#....# #.........#
#.##### #........##
######......
#.......@#####.......####
#..............##........
#.......oo#######.......#
#........># #........
#########.# #........
#.#######.......#
#..........#'#..#
##########.#.#.##
#...#...


You could see an orc wizard and an orc.

Vanquished Creatures
  3 gnolls (D:2)
  An adder (D:2)
  A worm (D:2)
  2 dart slugs
  An orc (D:3)
  5 endoplasms
  2 giant cockroaches
  6 hobgoblins
  11 jackals
  3 quokkas
  3 ball pythons
  4 bats (D:2)
  3 goblins
  3 kobolds (D:2)
  4 rats
52 creatures vanquished.

Notes
Turn   | Place    | Note
-------+----------+-------------------------------------------
     0 | D:1      | Shayle the Demonspawn Reaver began the quest for the Orb.
     0 | D:1      | Reached XP level 1. HP: 16/16 MP: 3/3
   149 | D:1      | Found a faded altar of an unknown god.
   316 | D:1      | Gained mutation: Your touch may inflict minor irresistible
                  | damage on your foes. [demonic ancestry]
   316 | D:1      | Reached XP level 2. HP: 20/22 MP: 5/5
   477 | D:1      | Reached skill level 1 in Stealth
   482 | D:1      | Reached skill level 1 in Armour
   778 | D:2      | Reached XP level 3. HP: 28/28 MP: 6/6
   936 | D:2      | Found a sacrificial altar of Ru.
  1280 | D:2      | Gained mutation: You are partially covered in razor-sharp
                  | scales. (AC +1, Slay +1) [demonic ancestry]
  1280 | D:2      | Reached XP level 4. HP: 35/35 MP: 7/7
  1665 | D:2      | Killed from afar by an orc wizard

Illustrated notes

Levels and vault maps discovered:
D:1:      dpeg_arrival_refuge, layout_basic, shapermc_ecumenical_altar_pompeii,
          hangedman_decor_peaks_small, roderic_filled_cross
D:2:      layout_basic, basic_altar
D:3:      layout_basic, gammafunk_ghost_arena, grunt_decor_arrowhead,
          lightli_corner_chamber

Skill      XL: |  1  2  3  4 |
---------------+-------------+-----
Stealth        | 1 2 |  2.2
Armour         | 1 2 |  2.1
Fighting       | 3 |  3.1
Axes           | |  2.6
Dodging        | |  1.7
Spellcasting   | |  2.0
Conjurations   | |  3.0

Action                   |  1- 3 |  4- 6 || total
-------------------------+-------+-------++-------
Melee: Hand axe          |   109 |    25 ||   134
       Touch             |    21 |     5 ||    26
  Use: Scroll            |     3 |       ||     3
       Potion            |       |     1 ||     1
 Stab: Sleeping          |       |     1 ||     1
Armor: Leather armour    |    16 |    14 ||    30
Dodge: Dodged            |    75 |    16 ||    91

Table legend: (Time is in decaauts)
 A = Elapsed time spent in this place.
 B = Non-inter-level travel time spent in this place.
 C = Inter-level travel time spent in this place.
 D = Time resting spent in this place.
 E = Time spent auto-exploring this place.
 F = Levels seen in this place.
 G = Mean time per level.
                   A        B        C        D        E       F      G
               +--------+--------+--------+--------+--------+-----+--------+
         Total |   1687 |   1602 |     85 |    179 |    841 |   3 |  562.3 |
       Dungeon |   1687 |   1602 |     85 |    179 |    841 |   3 |  562.3 |
               +--------+--------+--------+--------+--------+-----+--------+

Top non-repeatable levels by time:
     D:2: 867 daAuts
     D:1: 760 daAuts
     D:3: 60 daAuts
